 Dungeon Crawl Stone Soup version 0.26.1-2-gb8aa6d0cf2 (webtiles) character file.

Game seed: 10149813287212511716

2621 pokeman the Thaumaturge (level 9, 0/48 HPs)
             Began as a Deep Elf Hedge Wizard on Feb 22, 2021.
             Was a Believer of Vehumet.
             Slain by a hornet zombie (6 damage)
             ... in an ossuary on Feb 24, 2021.
             The game lasted 00:28:40 (9517 turns).

pokeman the Thaumaturge (Deep Elf Hedge Wizard)     Turns: 9517, Time: 00:28:40

Health: 0/48       AC:  8    Str:  7    XL:     9   Next: 34%
Magic:  21/26      EV: 12    Int: 23    God:    Vehumet [**....]
Gold:   427        SH:  0    Dex: 14    Spells: 18/30 levels left

rFire    . . .     SeeInvis .   H - +3 dagger (venom)
rCold    . . .     Faith    .   (no shield)
rNeg     . . .     Spirit   .   u - +0 leather armour
rPois    +         Reflect  .   t - +2 helmet
rElec    .         Harm     .   h - scarf {+Inv}
rCorr    .         Rampage  .   g - +0 pair of gloves
Will     +....                  M - +0 pair of boots
Stlth    ++........             (no amulet)
HPRegen  0.16/turn              k - ring of willpower
MPRegen  0.20/turn              I - ring of poison resistance

@: very slightly contaminated
A: no striking features
a: Renounce Religion, Evoke Invisibility


You were in an ossuary.
You worshipped Vehumet.
Vehumet was pleased with you.
You visited 2 branches of the dungeon, and saw 9 of its levels.
You also visited: Ossuary.

You collected 427 gold pieces.

Inventory:

Hand Weapons
 H - a +3 dagger of venom (weapon)
Missiles
 b - 61 arrows
 f - 54 bolts
 s - 13 curare-tipped darts
Armour
 g - a +0 pair of gloves (worn)
 h - a scarf of invisibility (worn)
 p - a +0 kite shield
 t - a +2 helmet (worn)
 u - a +0 leather armour (worn)
 M - a +0 pair of boots (worn)
Jewellery
 k - a ring of willpower (left hand)
 n - a +4 ring of protection
 r - an uncursed amulet of guardian spirit
 I - a ring of poison resistance (right hand)
 P - an uncursed ring of protection from fire {unknown}
Wands
 o - a wand of acid (5)
 G - a wand of disintegration (17)
 J - a wand of polymorph (9)
 L - a wand of flame (18)
 N - a wand of digging (4)
Scrolls
 a - 2 scrolls of enchant weapon {unknown}
 d - 4 scrolls of teleportation {unknown}
 e - 2 scrolls of fear {unknown}
 i - 11 scrolls of identify {unknown}
 j - 3 scrolls of noise {unknown}
 l - a scroll of magic mapping {unknown}
 m - 6 scrolls of remove curse {unknown}
 v - 3 scrolls of enchant armour {unknown}
 y - 2 scrolls of blinking {unknown}
 D - 2 scrolls of random uselessness {unknown}
 E - a scroll of amnesia {unknown}
 O - a scroll of fog {unknown}
Potions
 c - 4 potions of heal wounds {unknown}
 q - 2 potions of attraction {unknown}
 w - a potion of invisibility {unknown}
 x - 2 potions of might
 z - 2 potions of lignification {unknown}
 A - a potion of haste {unknown}
 B - 2 potions of ambrosia {unknown}
 C - 5 potions of curing {unknown}
 F - a potion of resistance {unknown}
 K - 2 potions of flight {unknown}


   Skills:
 - Level 2.0 Fighting
 - Level 2.0 Armour
 - Level 3.0 Dodging
 - Level 3.1 Stealth
 + Level 2.7 Shields
 * Level 11.2 Spellcasting
 + Level 6.2 Conjurations
 - Level 1.1 Summonings
 - Level 1.1 Translocations
 + Level 5.0 Fire Magic
 - Level 1.0 Air Magic
 - Level 2.0 Poison Magic
 - Level 1.0 Evocations


You had 18 spell levels left.
You knew the following spells:

 Your Spells              Type           Power        Failure   Level
a - Magic Dart            Conj           100%         1%          1
b - Mephitic Cloud        Conj/Pois/Air  27%          6%          3
c - Call Imp              Summ           18%          7%          2
d - Blink                 Tloc           N/A          7%          2
e - Conjure Flame         Conj/Fire      38%          2%          3
f - Shock                 Conj/Air       100%         1%          1

Your spell library contained the following spells:

 Spells                   Type           Power        Failure   Level
 Sandblast                Erth           24%          8%          1
 Searing Ray              Conj           82%          1%          2
 Dazzling Flash           Conj/Hex       54%          6%          3
 Corona                   Hex            13%          8%          1
 Ensorcelled Hibernation  Hex/Ice        24%          11%         2
 Slow                     Hex            12%          11%         2
 Iskenderun's Mystic Bla  Conj/Tloc      29%          16%         4
 Fulminant Prism          Conj/Hex       13%          21%         4
 Confusing Touch          Hex            12%          22%         3
 Tukima's Dance           Hex            12%          22%         3


Dungeon Overview and Level Annotations

Branches:
Dungeon (8/15)             Temple (1/1) D:4         Ossuary (1/1)
   Lair: D:8-11

Altars:
Ashenzari
Cheibriados
Dithmenos
Elyvilon
Fedhas
Gozag
Hepliaklqana
Kikubaaqudgha
Nemelex Xobeh
Okawaru
Qazlal
Sif Muna
Trog
Uskayaw
Vehumet
Wu Jian
Xom
Yredelemnul
Zin
The Shining One

Shops:
D:4 }


Message History

There is an empty arch of ancient stone, spattered with blood here.
Casting: Conjure Flame (dangerous; 2% risk of failure)
Confirm with . or Enter, or press ? or * to list all spells.
The fire begins to smolder!
The hornet zombie hits you but does no damage.
The hornet zombie barely misses you. The hornet zombie hits you!
The fire ignites!
You hit the hornet zombie.
The hornet zombie is lightly damaged.
The hornet zombie is engulfed in blazing flames.
The hornet zombie hits you but does no damage.
Unknown command.
You hit the hornet zombie.
The hornet zombie is moderately damaged.
The hornet zombie is engulfed in blazing flames.
The hornet zombie hits you!
* * * LOW HITPOINT WARNING * * *
The hornet zombie is engulfed in blazing flames.
The hornet zombie hits you.
You die...

#.# ≈ #≈≈ ≈
≈≈##≈ #...
#≈≈###
+...≈
#####≈≈##≈#
#∩..#...≈#
#@Z.'≈####
#...#.+
#####≈# .≈.
#.≈# #.#≈
#≈≈≈# #≈##


You could see a hornet zombie.

Vanquished Creatures
  Eustachio (D:6)
  A water moccasin (D:6)
  2 orc warriors (D:6)
  An ice beast (D:6)
  3 ogres
  A big kobold (D:7)
  Blork the orc (D:5)
  8 bullfrogs
  2 scorpions (D:4)
  3 howler monkeys
  A centaur zombie (Ossuary)
  A quasit (D:7)
  3 bullfrog zombies
  2 hounds
  2 jellies
  An orc priest (D:4)
  Ijyb (D:5)
  4 orc wizards
  A centaur skeleton (D:7)
  2 iguanas
  6 worker ants
  A killer bee zombie (Ossuary)
  2 hound skeletons
  2 mummies (Ossuary)
  Robin (D:2)
  3 gnolls (D:6)
  10 adders
  A shadow imp (D:5)
  3 white imps
  6 adder zombies
  4 worms
  A dart slug (D:2)
  7 leopard geckos
  14 orcs
  2 giant cockroaches
  14 goblins
  14 hobgoblins
  8 jackals
  7 bats
  7 frilled lizards
  A jackal zombie (D:5)
  7 kobolds
  A leopard gecko zombie (Ossuary)
  2 quokka zombies (Ossuary)
  10 rats
175 creatures vanquished.

Vanquished Creatures (others)
  16 plants (D:8)
  7 withered plants (Ossuary)
23 creatures vanquished.

Grand Total: 198 creatures vanquished

Notes
Turn   | Place    | Note
-------+----------+-------------------------------------------
     0 | D:1      | pokeman the Deep Elf Hedge Wizard began the quest for the
                  | Orb.
     0 | D:1      | Reached XP level 1. HP: 10/10 MP: 7/7
   133 | D:1      | Reached XP level 2. HP: 4/15 MP: 0/9
   868 | D:1      | Reached skill level 5 in Spellcasting
  1221 | D:2      | Reached XP level 3. HP: 20/20 MP: 5/11
  1552 | D:2      | Reached skill level 1 in Armour
  1556 | D:2      | Learned a level 3 spell: Mephitic Cloud
  1559 | D:2      | Learned a level 2 spell: Call Imp
  1562 | D:2      | Learned a level 2 spell: Blink
  1566 | D:2      | Learned a level 3 spell: Conjure Flame
  1621 | D:2      | Found a stormy altar of Qazlal.
  1757 | D:2      | Reached skill level 1 in Fighting
  2323 | D:2      | Reached XP level 4. HP: 25/25 MP: 7/13
  2435 | D:2      | Found a faded altar of an unknown god.
  2444 | D:2      | Found a hide-covered altar of Uskayaw.
  2724 | D:2      | Noticed Robin
  2741 | D:2      | Killed Robin
  3203 | D:3      | Found an iron altar of Okawaru.
  3278 | D:3      | Reached skill level 1 in Fire Magic
  3513 | D:3      | Found an ornate altar of the Wu Jian Council.
  3540 | D:3      | Reached skill level 6 in Spellcasting
  3936 | D:3      | Reached XP level 5. HP: 29/29 MP: 12/15
  3985 | D:3      | Found an opulent altar of Gozag.
  4321 | D:4      | Reached skill level 1 in Air Magic
  4400 | D:4      | Found a staircase to the Ecumenical Temple.
  4427 | Temple   | Entered the Ecumenical Temple
  4504 | Temple   | Became a worshipper of Vehumet
  4734 | D:4      | Reached skill level 1 in Shields
  4734 | D:4      | Reached XP level 6. HP: 34/34 MP: 12/17
  4751 | D:4      | Reached skill level 1 in Poison Magic
  4903 | D:4      | Reached skill level 7 in Spellcasting
  5180 | D:4      | Found Xogeap's Gadget Shoppe.
  5290 | D:4      | Reached XP level 7. HP: 38/38 MP: 11/20
  5307 | D:4      | Reached skill level 1 in Evocations
  5524 | D:5      | Entered Level 5 of the Dungeon
  5986 | D:5      | Noticed Ijyb
  6014 | D:5      | Killed Ijyb
  6015 | D:5      | Reached skill level 8 in Spellcasting
  6245 | D:5      | Noticed Blork the orc
  6253 | D:5      | Killed Blork the orc
  6655 | D:5      | Found a bloodstained altar of Trog.
  6722 | D:6      | Reached * piety under Vehumet
  6722 | D:6      | Offered knowledge of Shock by Vehumet.
  6726 | D:6      | Reached XP level 8. HP: 44/44 MP: 11/22
  6728 | D:6      | Learned a level 1 spell: Shock
  6740 | D:6      | Reached skill level 9 in Spellcasting
  6741 | D:6      | Noticed Eustachio
  6957 | D:6      | Reached skill level 5 in Conjurations
  7392 | D:6      | Killed Eustachio
  7393 | D:6      | Reached skill level 10 in Spellcasting
  8285 | D:7      | Reached XP level 9. HP: 43/48 MP: 18/25
  8524 | D:7      | Found a hazy altar of Hepliaklqana.
  8882 | D:7      | Reached skill level 11 in Spellcasting
  9025 | D:7      | Offered knowledge of Sandblast by Vehumet.
  9316 | D:8      | Found a sand-covered staircase.
  9322 | Ossuary  | Entered an ossuary
  9382 | Ossuary  | Reached ** piety under Vehumet
  9445 | Ossuary  | Reached skill level 5 in Fire Magic
  9517 | Ossuary  | Slain by a hornet zombie

Illustrated notes

Levels and vault maps discovered:
D:1:      lightli_arrival_statue_moat, layout_rooms
D:2:      layout_loops_corners, general_overflow_altar,
          chequers_ecumenical_altar_island, grunt_qazlal_clouds, uniq_robin
D:3:      layout_basic, nzn_wu_jian_contemplation, marbit_many_paths,
          nicolae_overflow_crystal_walls
D:4:      layout_rooms, minmay_temple_entry_steel_oval, serial_shops,
          kennysheep_mini, kennysheep_small_square
D:5:      layout_basic, lemuel_coloured_pillars_altar, uniq_blork_the_orc,
          uniq_ijyb
D:6:      layout_loops_ring, serial_glass, glass_columns_a, glass_columns_c,
          uniq_eustachio
D:7:      minmay_chambers_of_sixes, layout_loops_ring,
          nzn_hepliaklqana_mist_gate, minivault_22
D:8:      layout_loops_ring, serial_bayou, serial_bayou_pond_e,
          serial_bayou_shore_a, serial_bayou_ford_a, serial_bayou_pond_b,
          serial_bayou_shore_b, serial_bayou_crossing,
          nicolae_ossuary_entry_false_entrances, serial_shops,
          nicolae_shop_behind_doors, introduction_to_nature_2
Temple:   eino_temple_scatter_basement
Ossuary:  ossuary_zaba_flooded

Skill      XL: |  1  2  3  4  5  6  7  8  9 |
---------------+----------------------------+-----
Spellcasting   | 5 6 7 8 10 11 | 11.2
Armour         | 1 2 |  2.0
Fighting       | 1 2 |  2.0
Conjurations   | 2 3 4 5 6 |  6.2
Fire Magic     | 1 2 4 5 |  5.0
Dodging        | 3 |  3.0
Air Magic      | 1 |  1.0
Shields        | 1 2 |  2.7
Poison Magic   | 2 |  2.0
Stealth        | 3 |  3.1
Evocations     | 1 |  1.0
Summonings     | |  1.1
Translocations | |  1.1

Action                   |  1- 3 |  4- 6 |  7- 9 || total
-------------------------+-------+-------+-------++-------
Melee: Dagger            |    37 |       |    80 ||   117
       Short sword       |       |    44 |     7 ||    51
 Cast: Magic Dart        |   121 |   145 |    66 ||   332
       Mephitic Cloud    |     1 |     6 |    14 ||    21
       Conjure Flame     |       |     1 |    11 ||    12
       Shock             |       |       |   127 ||   127
       Call Imp          |       |       |     2 ||     2
       Blink             |       |       |     1 ||     1
 Stab: Confused          |       |     2 |    12 ||    14
Armor: Robe              |    14 |    10 |       ||    24
       Leather armour    |       |    18 |    52 ||    70
Dodge: Dodged            |    47 |    48 |   100 ||   195
